 Dungeon Crawl Stone Soup version 0.30-a0-424-g7412bad402 (webtiles) character file.

Game seed: 18415330687696280356

143 NinjaNoafa the Sneak (level 5, -16/35 HPs)
             Began as a Gargoyle Delver on Dec 10, 2022.
             Demolished by an ogre
             ... wielding a +0 giant club
              (27 damage)
             ... on level 5 of the Dungeon.
             The game lasted 00:03:23 (492 turns).

NinjaNoafa the Sneak (Gargoyle Delver)               Turns: 492, Time: 00:03:24

Health: -16/35     AC:  7    Str: 16    XL:     5   Next: 25%
Magic:  5/5        EV: 11    Int: 12    God:
Gold:   47         SH:  0    Dex: 11    Spells: 4/4 levels left

rFire   . . .      SeeInvis .    a - +0 mace
rCold   . . .      Faith    .    (no shield)
rNeg    + . .      Spirit   .    b - +0 leather armour
rPois   ∞          Reflect  .    (no helmet)
rElec   +          Harm     .    (no cloak)
rCorr   .          Rampage  .    (no gloves)
Will    .....                    (no boots)
Stlth   +++.......               (no amulet)
HPRegen 0.25/turn                (no ring)
MPRegen 0.09/turn                (no ring)

@: no status effects
A: sickness immunity, AC +4, negative energy resistance 1, electricity
resistance, torment resistance 1, petrification resistance
a: no special abilities


You were on level 5 of the Dungeon.
You visited 1 branch of the dungeon, and saw 1 of its levels.

You collected 47 gold pieces.

Inventory:

Hand Weapons
 a - a +0 mace (weapon)
Missiles
 h - 7 poisoned darts (quivered)
Armour
 b - a +0 leather armour (worn)
Wands
 g - a wand of digging (3)
Scrolls
 c - a scroll of fog
 d - a scroll of magic mapping
 j - a scroll of identify {unknown}
Potions
 f - a potion of might {unknown}
 i - a potion of degeneration {unknown}


   Skills:
 + Level 5.4 Fighting
 + Level 2.0 Maces & Flails
 - Level 3.0 Armour
 - Level 1.5 Dodging
 - Level 5.4 Stealth


You had 4 spell levels left.
You didn't know any spells.
Your spell library was empty.

Dungeon Overview and Level Annotations

Branches:
Dungeon (5/15)
 Temple: D:4-7

Altars:


Innate Abilities, Weirdness & Mutations

You are immune to sickness and miasma.
Your stone body is resilient. (AC +4)
You are immune to poison.
You resist negative energy. (rN+)
You are resistant to electric shocks. (rElec)
You are resistant to unholy torment.
You are immune to petrification.


Message History

The hound is almost dead.
The hound bites you but does no damage. x2
You closely miss the hound.
The hound is almost dead.
The hound barely misses you. The hound completely misses you.
You hit the hound.
You kill the hound!
The shadow imp puffs mist at you.
The shadow imp hits you but does no damage.
Your Fighting skill increases to level 5!
You have reached level 5!
You hit the shadow imp but do no damage.
The shadow imp hits you.
You closely miss the shadow imp. The shadow imp closely misses you.
You hit the shadow imp.
The shadow imp is heavily wounded.
The shadow imp hits you but does no damage.
You closely miss the shadow imp.
The shadow imp is heavily wounded.
The shadow imp hits you but does no damage.
The shadow imp laughs crazily.
The shadow imp closely misses you.
You closely miss the shadow imp.
The shadow imp is heavily wounded.
The shadow imp hits you but does no damage.
You sock the shadow imp!
You kill the shadow imp!
Unknown command.
A hound comes into view.
A phantom comes into view.
The ogre shouts!
The hound barks!
The hound closely misses you.
The ogre hits you with a +0 giant club!!
Ouch! That really hurt!
The hound bites you but does no damage. The hound attacks as you move away!
The hound bites you but does no damage. The ogre attacks as you move away!
The ogre hits you with a +0 giant club!!
Ouch! That really hurt!
You die...

#O#.# #......# .#.#
#......#
##.#.############......##
................'........
...#........#####......#
##.########.# #......# .
#.#####W.....# ##
#......O.....#
#.....@h.##### ..
#........# +####.#
#........# ......#
#........# ......#.
#.######## ........ ...#
.....# #.. .....# #l
.....# #.##


You could see an ogre, a phantom and a hound.

Vanquished Creatures
  A scorpion (D:5)
  2 hounds (D:5)
  A shadow imp (D:5)
  An ufetubus (D:5)
  A worm (D:5)
  3 orcs (D:5)
  A kobold (D:5)
10 creatures vanquished.

Notes
Turn   | Place    | Note
-------+----------+-------------------------------------------
     0 | D:5      | NinjaNoafa the Gargoyle Delver began the quest for the Orb.
     0 | D:5      | Reached XP level 1. HP: 14/14 MP: 1/1
    19 | D:5      | Noticed an iguana
    40 | D:5      | Reached skill level 1 in Armour
    84 | D:5      | Noticed a scorpion
    96 | D:5      | Killed a scorpion
    97 | D:5      | Reached XP level 2. HP: 6/20 MP: 2/2
    97 | D:5      | Reached XP level 3. HP: 7/24 MP: 3/3
    97 | D:5      | Reached XP level 4. HP: 9/29 MP: 4/4
   357 | D:5      | Noticed an ogre
   474 | D:5      | Reached skill level 5 in Fighting
   474 | D:5      | Reached XP level 5. HP: 27/35 MP: 5/5
   488 | D:5      | Noticed a phantom
   492 | D:5      | Demolished by an ogre

Illustrated notes

Levels and vault maps discovered:
D:5:      layout_basic, minmay_temple_entry_trees,
          chequers_serial_rivers_small_b, corexii_checkpoint_b

Skill      XL: |  1  2  3  4 |
---------------+-------------+-----
Armour         | 3 |  3.0
Fighting       | 4 5 |  5.4
Maces & Flails | |  2.0
Dodging        | |  1.5
Stealth        | |  5.4

Action                   |  1- 3 |  4- 6 || total
-------------------------+-------+-------++-------
Melee: Mace              |     6 |    51 ||    57
Throw: Dart              |     2 |       ||     2
  Use: Potion            |     1 |       ||     1
       Scroll            |       |     1 ||     1
 Stab: Sleeping          |     1 |     1 ||     2
Armor: Leather armour    |     3 |    36 ||    39
Dodge: Dodged            |       |    37 ||    37

Table legend: (Time is in decaauts)
 A = Elapsed time spent in this place.
 B = Non-inter-level travel time spent in this place.
 C = Inter-level travel time spent in this place.
 D = Time resting spent in this place.
 E = Time spent auto-exploring this place.
 F = Levels seen in this place.
 G = Mean time per level.
                   A        B        C        D        E       F      G
               +--------+--------+--------+--------+--------+-----+--------+
         Total |    492 |    473 |     19 |      0 |    262 |   1 |  492.0 |
       Dungeon |    492 |    473 |     19 |      0 |    262 |   1 |  492.0 |
               +--------+--------+--------+--------+--------+-----+--------+

Top non-repeatable levels by time:
     D:5: 492 daAuts
